Map: Odyssey LE

Players

Yata - Winner!

  • Race: Zerg Zerg
  • League: Platinum
  • Spawn Location: 5:00

A.I. 1 (Very Hard)

  • Race: Zerg Zerg
  • Spawn Location: 11:00

VOD

Have the link to the VOD?

Description

Time

  • Played on: Sept. 22, 2017, 11:16 p.m.
  • Length: 9:09
Show
View Real Time Build Order
Export as new Build Order

Yata Zerg - Winner!

Build Orders: Hatch First 

Get SALT Encoding   

  12  0:02  Drone  
  13  0:12  Overlord  
  13  0:18  Drone  
  14  0:31  Drone x2  
  14  0:35  Drone  
  17  0:56  Hatchery, Drone  
  17  1:01  Drone  
  18  1:10  Extractor  
  17  1:17  Spawning Pool  
  16  1:19  Drone  
  16  1:23  Drone  
  18  1:28  Drone  
  19  1:39  Overlord  
  19  1:50  Drone  
  20  2:01  Drone  
  21  2:04  Queen  
  21  2:08  Queen  
  23  2:12  Zergling x2  
  23  2:13  Zergling x2  
  23  2:14  Metabolic Boost  
  27  2:19  Drone  
  28  2:26  Drone  
  29  2:32  Overlord  
  29  2:37  Drone  
  30  2:46  Drone x2  
  32  2:52  Baneling Nest  
  32  2:53  Drone  
  32  2:55  Drone, Evolution Chamber  
  32  3:07  Drone x2  
  34  3:13  Zergling x8  
  38  3:22  Roach Warren  
  38  3:24  Zerg Missile Weapons Level 1  
  38  3:28  Extractor, Drone x3  
  38  3:29  Drone  
  41  3:41  Drone x3  
  41  3:45  Lair  
  44  3:59  Overlord x2  
  44  4:18  Roach  
  44  4:19  Roach x6  
  53  4:37  Roach  
  53  4:38  Roach x3  
  52  4:54  Roach x3  
  56  5:04  Drone x5, Queen  
  59  5:09  Glial Reconstitution  
  59  5:12  Drone  
  60  5:15  Overlord  
  60  5:16  Overlord  
  60  5:32  Overlord  
  60  5:33  Queen  
  62  5:41  Queen  
  64  5:47  Hatchery  
  63  5:50  Drone x2  
  63  5:51  Extractor, Drone  
  65  6:00  Roach  
  65  6:01  Roach x2  
  71  6:09  Pneumatized Carapace  
  71  6:13  Zerg Ground Armor Level 1  
  71  6:23  Queen  
  73  6:29  Roach x5  
  83  6:37  Ravager  
  83  6:38  Overlord x2  
  83  6:39  Overlord  
  84  6:59  Roach x7  
  90  7:28  Roach x9  
  102  7:45  Hydralisk Den  
  102  7:47  Roach  
  102  7:48  Roach x2  
  107  7:55  Drone x2  
  107  7:57  Overlord x3  
  109  8:07  Drone x5  
  109  8:12  Drone x4  
  114  8:14  Overlord  
  114  8:16  Drone  
  111  8:27  Hydralisk x3  
  113  8:39  Drone  
  113  8:40  Drone x2  
  113  8:41  Extractor  
  115  8:42  Drone x3  
  115  8:43  Drone x2  
Show
View Real Time Build Order
Export as new Build Order

A.I. 1 (Very Hard) Zerg 

Build Orders: Pool First 

Get SALT Encoding   

  12  0:00  Drone  
  13  0:12  Overlord  
  13  0:16  Drone  
  14  0:30  Drone  
  15  0:39  Spawning Pool  
  15  0:41  Drone  
  15  0:45  Drone  
  15  0:49  Drone  
  17  0:52  Extractor  
  17  0:55  Drone  
  17  1:06  Drone  
  18  1:17  Drone  
  19  1:29  Queen  
  19  1:30  Zergling x2  
  19  1:31  Roach Warren  
  21  1:38  Overlord  
  21  1:49  Drone  
  22  1:59  Overlord  
  22  2:11  Roach  
  24  2:21  Roach  
  26  2:30  Hatchery  
  26  2:32  Roach  
  26  2:36  Roach  
  29  2:40  Roach  
  29  2:42  Drone  
  32  2:48  Roach  
  34  2:55  Overlord  
  34  3:03  Metabolic Boost  
  34  3:07  Zergling x2  
  34  3:11  Zergling x2  
  35  3:15  Zergling x2  
  37  3:20  Zergling x2  
  37  3:22  Zergling x2  
  38  3:31  Zergling x2  
  39  3:39  Zergling x2  
  39  3:40  Baneling Nest  
  39  3:42  Zergling x2  
  40  3:48  Zergling x2  
  40  4:09  Extractor  
  39  4:13  Drone  
  39  4:17  Drone  
  41  4:22  Drone  
  42  4:25  Drone  
  42  4:28  Zergling x2  
  39  4:32  Zergling x2  
  39  4:36  Zergling x2  
  40  4:41  Drone  
  41  4:45  Baneling x2  
  41  4:46  Drone  
  41  4:50  Zergling x2, Baneling x2  
  40  4:57  Lair  
  34  5:14  Baneling  
  34  5:15  Baneling  
  34  5:20  Zergling x2  
  35  5:23  Roach  
  35  5:26  Drone  
  38  5:29  Drone  
  38  5:32  Drone  
  40  5:36  Drone  
  40  5:39  Drone  
  42  5:43  Drone  
  42  5:46  Drone  
  44  5:51  Overlord  
  44  5:55  Drone  
  44  5:56  Hydralisk Den  
  44  5:57  Drone  
  44  6:00  Drone  
  44  6:02  Drone  
  47  6:05  Drone  
  47  6:07  Drone  
  49  6:11  Drone  
  49  6:13  Drone  
  49  6:18  Drone  
  52  6:19  Overlord  
  52  6:21  Drone  
  52  6:23  Drone  
  52  6:25  Hydralisk  
  56  6:32  Hydralisk  
  56  6:35  Hydralisk  
  60  6:43  Hydralisk  
  60  6:46  Overlord  
  62  6:49  Roach, Drone x2  
  66  6:54  Hydralisk  
  68  7:04  Overlord, Drone  
  68  7:05  Extractor  
  68  7:09  Drone  
  68  7:15  Extractor  
  67  7:16  Drone  
  67  7:20  Zergling x2  
  67  7:21  Hydralisk x2  
  67  7:22  Roach  
  69  7:26  Zergling x2  
  56  7:31  Hydralisk  
  56  7:36  Hydralisk  
  56  7:39  Ravager  
  56  7:41  Hydralisk  
  58  7:46  Ravager  
  58  7:51  Spine Crawler  
  58  7:53  Roach, Drone x2  
  58  7:54  Drone  
  61  8:04  Roach  
  58  8:12  Overseer  
  50  8:15  Zergling x2  
  50  8:19  Queen  
  43  8:24  Hydralisk  
  43  8:25  Zergling x2  
  43  8:26  Roach x2  
  43  8:37  Zergling x2  
  34  9:01  Spawning Pool  
Tags
 
League
Platinum
Matchup
ZvZ
Race
Zerg
Replay Pack
Pack 1
Spawn Locations
Cross Positions
Add a new tag
Caveats
  • Supply blocks, unpowered buildings, or Contaminate may cause inaccurate times.
  • Supply counts are checked every 10 seconds.